 Dungeon Crawl Stone Soup version 0.31-a0-198-g2ad674f65e (webtiles) character file.

Game seed: 17480859358564980372

9 iguanaiguana the Sneak (level 2, 0/26 HPs)
             Began as a Meteoran Delver on June 25, 2023.
             Slain by an adder (2 damage)
             ... on level 5 of the Dungeon.
             The game lasted 00:00:57 (59 turns).

iguanaiguana the Sneak (Meteoran Delver)              Turns: 59, Time: 00:00:57

Health: 0/26       AC:  3    Str: 13    XL:     2   Next: 41%
Magic:  3/3        EV: 12    Int: 11    God:
Gold:   0          SH:  0    Dex: 15    Spells: 1/1 levels left

rFire   . . .        a - +0 falchion
rCold   . . .        (no shield)
rNeg    . . .        b - +0 leather armour
rPois   .            (no helmet)
rElec   .            (no cloak)
rCorr   .            (no gloves)
SInv    .            (no boots)
Will    .....        (no amulet)
Stlth   +            (no ring)
HPRegen 0.24/turn    (no ring)
MPRegen 0.08/turn

%: no passive effects
@: lethally poisoned (0 -> -3), glowing
A: sense surroundings 1, otherworldly, glowing, explore regen
a: no special abilities


You were on level 5 of the Dungeon.
You visited 1 branch of the dungeon, and saw 1 of its levels.

Inventory:

Hand Weapons
 a - a +0 falchion (weapon)
Armour
 b - a +0 leather armour (worn)
Wands
 g - a wand of digging (3) {@v3}
Scrolls
 c - a scroll of fog
 d - a scroll of revelation
 e - a scroll of fear
Potions
 f - a potion of haste {@q4}


   Skills:
 + Level 3.4 Fighting
 + Level 2.7 Long Blades
 + Level 2.7 Dodging
 + Level 3.8 Stealth


You had one spell level left.
You didn't know any spells.
Your spell library was empty.

Dungeon Overview and Level Annotations

Branches:
Dungeon (5/15) Zot: 538
 Temple: D:4-7

Altars:

Portals:
Sewer: D:5

Annotations:
D:5 Eustachio


Innate Abilities, Weirdness & Mutations

You passively map a small area around you.
You are easily found by Zot.
You glow in the dark.
You regain HP and MP as you explore.


Message History

The adder bites you.
* * * LOW HITPOINT WARNING * * *
You are more poisoned.
The adder poisons you!
You hit the adder.
The adder is heavily wounded.
The adder bites you.
* * * LOW HITPOINT WARNING * * *
You slash the adder!
You kill the adder!
* * * LOW HITPOINT WARNING * * *
You have reached level 2!
Eustachio the Magnificent comes into view.
He is wielding a +2 rapier of venom.
You are no longer poisoned.
You see here an adder corpse.
You hear the slow rusting of a drain very nearby.
An adder comes into view.
You enter the shallow water.
Moving in this stuff is going to be slow.
Found a glowing drain.
The adder attacks as you move away! The adder bites you.
You are poisoned.
The adder poisons you!
You closely miss the adder. The adder bites you.
* * * LOW HITPOINT WARNING * * *
You barely miss the adder. The adder bites you.
* * * LOW HITPOINT WARNING * * *
You are lethally poisoned!
The adder poisons you!
Unknown command.
The adder attacks as you move away!
* * * LOW HITPOINT WARNING * * *
The adder bites you.
* * * LOW HITPOINT WARNING * * *
* * * LOW HITPOINT WARNING * * *
* * * LOW HITPOINT WARNING * * *
The adder attacks as you move away!
Found a book of Scorching.
* * * LOW HITPOINT WARNING * * *
The adder attacks as you move away! The adder bites you.
You die...

, ,* ,........#<., *
, , ,, ......... ,
####...:........ , *
, .#^.............# *
..........#.....#,,
..........#.....# * ,
................ ,
,.......@##...?.. ,
........S..#.########
,
######.......~~~~~~~∩
, *##......########
## , * *
##.....###..#####. ,
#....###>......#. * *
#......##........ ,,
, , #......†....#####
, ⌠ #.......>....#


You could see an adder.

Vanquished Creatures
  An adder (D:5)
1 creature vanquished.

Notes
Turn   | Place    | Note
-------+----------+-------------------------------------------
     0 | D:5      | iguanaiguana the Meteoran Delver began the quest for the
                  | Orb.
     0 | D:5      | Reached XP level 1. HP: 19/19 MP: 2/2
     9 | D:5      | Noticed an iguana
    24 | D:5      | Reached XP level 2. HP: 5/26 MP: 3/3
    25 | D:5      | Noticed Eustachio
    50 | D:5      | Found a glowing drain.
    59 | D:5      | Slain by an adder

Illustrated notes

Levels and vault maps discovered:
D:5:      layout_cave_pools, serial_gnoll_camp, gnoll_camp_mini_doghouse,
          gnoll_camp_mini_basic, gnoll_camp_medium_02, gnoll_camp_medium_01,
          portal_sewer_entry_d, minmay_fractal_squares_diagonal_5,
          uniq_eustachio

Action                     || total
---------------------------++-------
  Melee: Falchion          ||    10
 Armour: Leather armour    ||     7
  Dodge: Dodged            ||     7

Table legend: (Time is in decaauts)
 A = Elapsed time spent in this place.
 B = Non-inter-level travel time spent in this place.
 C = Inter-level travel time spent in this place.
 D = Time resting spent in this place.
 E = Time spent auto-exploring this place.
 F = Levels seen in this place.
 G = Mean time per level.
                   A        B        C        D        E       F      G
               +--------+--------+--------+--------+--------+-----+--------+
         Total |     61 |     61 |      0 |      0 |      0 |   1 |   61.0 |
       Dungeon |     61 |     61 |      0 |      0 |      0 |   1 |   61.0 |
               +--------+--------+--------+--------+--------+-----+--------+

Top non-repeatable levels by time:
     D:5: 61 daAuts
